 Dungeon Crawl Stone Soup version 0.22-a0-44-geb883ae (webtiles) character file.

374 KristoblXynda the Cudgeler (level 6, -4/59 HPs)
             Began as an Ogre Gladiator on Jan 6, 2018.
             Slain by Lanoc's ghost (8 damage)
             ... on level 4 of the Dungeon.
             The game lasted 00:07:12 (3892 turns).

KristoblXynda the Cudgeler (Ogre Gladiator)         Turns: 3892, Time: 00:07:12

Health: -4/59      AC:  3    Str: 18 (19) XL:     6   Next: 72%
Magic:  6/6        EV: 10    Int: 15 (16) God:
Gold:   95         SH:  0    Dex:  7 (10) Spells: 5/5 levels left

rFire    + . .     SeeInvis .   a - +0 flail
rCold    + + .     Gourm    .   (no shield)
rNeg     . . .     Faith    .   b - +0 robe
rPois    +         Spirit   .   c - +0 hat
rElec    +         Reflect  .   (no cloak)
rCorr    +         Harm     .   (gloves unavailable)
MR       .....                  (boots unavailable)
Stlth    +.........             (no amulet)
HPRegen  0.19/turn              g - ring of protection from cold
MPRegen  0.10/turn              (no ring)

@: brilliant, resistant
A: large, unfitting armour, tough skin 1
a: no special abilities


You were on level 4 of the Dungeon.
You were not hungry.

You visited 1 branch of the dungeon, and saw 4 of its levels.

You collected 95 gold pieces.

Inventory:

Hand Weapons
 a - a +0 flail (weapon)
 e - a +0 morningstar
Missiles
 d - 3 throwing nets (quivered)
Armour
 b - a +0 robe (worn)
 c - a +0 hat (worn)
Jewellery
 g - a ring of protection from cold (left hand)
Wands
 p - a wand of iceblast (7)
Scrolls
 j - 7 scrolls of remove curse
 o - 2 scrolls of fear {unknown}
 q - 2 scrolls of blinking {unknown}
 t - a scroll of identify
Potions
 i - a potion of cancellation
 k - 4 potions of mutation
 n - a potion of flight
Comestibles
 f - 2 rations


   Skills:
 - Level 2.6 Fighting
 * Level 5.4 Maces & Flails
 + Level 4.2 Throwing
 - Level 3.1 Dodging


You had 5 spell levels left.
You didn't know any spells.

Dungeon Overview and Level Annotations

Branches:
Dungeon (4/15)
 Temple: D:4-7

Altars:
Hepliaklqana
Uskayaw
Vehumet
Xom

Shops:
D:4 }

Annotations:
D:4 Lanoc's ghost, novice GnAE


Innate Abilities, Weirdness & Mutations

You are too large for most types of armour.
You have tough skin. (AC +1)


Message History

It was a potion of resistance.
You feel protected. Lanoc's ghost barely misses you.
You hit Lanoc's ghost but do no damage. Lanoc's ghost closely misses you.
You closely miss Lanoc's ghost. Lanoc's ghost hits you.
You closely miss Lanoc's ghost. Lanoc's ghost closely misses you.
You closely miss Lanoc's ghost. Lanoc's ghost closely misses you.
You closely miss Lanoc's ghost. Lanoc's ghost hits you.
* * * LOW HITPOINT WARNING * * *
You closely miss Lanoc's ghost.
Lanoc's ghost whispers, "Death doesn't hurt.
What you feel is life." Lanoc's ghost hits you.
* * * LOW HITPOINT WARNING * * *
You closely miss Lanoc's ghost. Lanoc's ghost closely misses you.
You barely miss Lanoc's ghost. Lanoc's ghost hits you!
* * * LOW HITPOINT WARNING * * *
You hit Lanoc's ghost.
Lanoc's ghost is lightly damaged.
Lanoc's ghost hits you!
You die...

......#...#.......#####.#
#######...######### #...#
#...# #...# #...#
#...###### ##........#
#........@# #
#.#......W## .#
#.#........##..#...
#.#..#.#.#......#
..#....|.......#.[≈ #
##.#.#.#....#..≈.
#...(.....#...≈?
...#.#.#....#..≈.
.#....(......#..≈ #..


You could see Lanoc's ghost.

Vanquished Creatures
  The ghost of RexLacerta the Stinger, an amateur MfVM (D:3)
  A howler monkey (D:4)
  An orc priest (D:3)
  2 orc wizards (D:3)
  9 adders
  An ooze (D:2)
  A worm (D:3)
  A dart slug (D:1)
  5 leopard geckos
  4 orcs (D:3)
  8 bats
  8 goblins
  9 hobgoblins
  3 kobolds
  2 quokkas (D:3)
  2 ball pythons
  5 frilled lizards
  8 rats
71 creatures vanquished.

Vanquished Creatures (others)
  A quokka (D:3)
  A kobold (D:3)
  A rat (D:3)
3 creatures vanquished.

Grand Total: 74 creatures vanquished

Notes
Turn   | Place    | Note
-------+----------+-------------------------------------------
     0 | D:1      | KristoblXynda the Ogre Gladiator began the quest for the Orb.
     0 | D:1      | Reached XP level 1. HP: 22/22 MP: 1/1
   117 | D:1      | Reached XP level 2. HP: 7/29 MP: 2/2
   489 | D:1      | Reached skill level 3 in Maces & Flails
   775 | D:1      | Found a radiant altar of Vehumet.
   777 | D:1      | Found a shimmering altar of Xom.
   777 | D:1      | Found an opulent altar of Gozag.
   779 | D:1      | Found a radiant altar of Vehumet.
   779 | D:1      | Found a hide-covered altar of Uskayaw.
   779 | D:1      | Found a hazy altar of Hepliaklqana.
  1194 | D:2      | Reached XP level 3. HP: 36/36 MP: 3/3
  1304 | D:2      | HP: 1/36 [frilled lizard (1)]
  1653 | D:2      | Reached XP level 4. HP: 21/44 MP: 4/4
  2457 | D:3      | Reached skill level 4 in Maces & Flails
  2457 | D:3      | Reached XP level 5. HP: 28/50 MP: 5/5
  2818 | D:3      | Noticed RexLacerta's ghost (amateur MfVM)
  2827 | D:3      | Found a faded altar of an unknown god.
  2875 | D:3      | Killed RexLacerta's ghost
  2875 | D:3      | Reached skill level 5 in Maces & Flails
  2875 | D:3      | Reached XP level 6. HP: 45/59 MP: 6/6
  3624 | D:4      | Found Puosuol's Gadget Emporium.
  3656 | D:4      | Noticed Lanoc's ghost (novice GnAE)
  3892 | D:4      | Slain by Lanoc's ghost

Vault maps used:
D:1:      tarquinn_simple_flora_water_d, doesnt_xom_only_xom
D:2:      minivault_27
D:3:      chequers_ecumenical_altar_island, fountainhead
D:4:      nicolae_ru_awakened_eye, first_ration, serial_co_window_serial,
          co_window_paths_a, co_window_corner_a, co_window_cross_1,
          co_window_corner_a, co_window_corner_a, co_window_paths_c,
          co_window_2corner, co_window_cross_3, glass_columns_a,
          glass_columns_b, glass_columns_b, glass_columns_b, serial_shops, shop

Skill      XL: |  1  2  3  4  5 |
---------------+----------------+-----
Dodging        | 3 |  3.1
Maces & Flails | 3 4 5 |  5.4
Throwing       | 3 4 |  4.2
Fighting       | |  2.6

Action                   |  1- 3 |  4- 6 || total
-------------------------+-------+-------++-------
Melee: Flail             |    93 |   172 ||   265
  Use: Potion            |     1 |    11 ||    12
       Scroll            |       |     7 ||     7
 Stab: Confused          |       |     1 ||     1
       Sleeping          |       |     1 ||     1
  Eat: Chunk             |     2 |     7 ||     9
       Ration            |       |     1 ||     1
Armor: Robe              |    34 |    37 ||    71
       Skin              |       |    13 ||    13
Dodge: Dodged            |    79 |    95 ||   174

Table legend:
 A = Spawn XP
 B = Non-spawn XP
 C = Spawn XP percentage of total XP
 D = Spawn monster count
 E = Non-spawn monster count
 F = Spawn count percentage of total count
 G = Total turns spent on level
                    A         B        C        D         E        F      G
               +---------+---------+-------+---------+---------+-------+---------
         Total |       0 |     535 |   0.0 |       0 |      71 |   0.0 |  3892
               +---------+---------+-------+---------+---------+-------+---------
           D:1 |       0 |      32 |   0.0 |       0 |      17 |   0.0 |  1172
           D:2 |       0 |     109 |   0.0 |       0 |      21 |   0.0 |  1137
           D:3 |       0 |     332 |   0.0 |       0 |      31 |   0.0 |  1314
           D:4 |       0 |      62 |   0.0 |       0 |       2 |   0.0 |   269
               +---------+---------+-------+---------+---------+-------+---------
